 Dungeon Sprint DCSS version 0.23-a0-690-g0a1fc62 (webtiles) character file.

1668 galech the Cleaver (level 8, 0/67 HPs)
             Began as a Demonspawn Fighter on Jan 11, 2019.
             Was a Believer of Okawaru.
             Slain by a nine-headed hydra (5 damage)
             ... in the Dungeon (Sprint IX: "|||||||||||||||||||||||||||||").
             The game lasted 00:01:38 (612 turns).

galech the Cleaver (Demonspawn Fighter)              Turns: 612, Time: 00:01:39

Health: 0/67       AC: 14    Str: 16    XL:     8   Next: 69%
Magic:  6/8        EV: 17    Int: 13    God:    Okawaru [**....]
Gold:   0          SH: 19    Dex: 15    Spells: 7/7 levels left

rFire    . . .     SeeInvis .   p - +7 war axe (chop)
rCold    . . .     Gourm    .   c - +0 shield
rNeg     . . .     Faith    .   s - +2 ring mail
rPois    .         Spirit   .   (no helmet)
rElec    .         Reflect  .   r - +0 cloak
rCorr    .         Harm     .   q - +0 pair of gloves
MR       .....     NoTele   +   (no boots)
Stlth    +++.......             (no amulet)
HPRegen  0.21/turn              u - +3 ring of intelligence
MPRegen  0.11/turn              t - +2 ring of protection

@: heroism
A: claws 1, large bone plates 2, powered by death 1
a: Heroism, Renounce Religion


You were in the Dungeon.
You worshipped Okawaru.
Okawaru was pleased with you.
You were not hungry.

You visited 1 branch

Inventory:

Hand Weapons
 a - a +0 war axe
 p - a +7 war axe of chopping (weapon)
Armour
 b - a +0 scale mail
 c - a +0 shield (worn)
 q - a +0 pair of gloves (worn)
 r - a +0 cloak (worn)
 s - a +2 ring mail (worn)
Jewellery
 t - a +2 ring of protection (right hand)
 u - a +3 ring of intelligence (left hand)
Wands
 o - a wand of iceblast (10)
Scrolls
 k - 2 scrolls of blinking
 m - 4 scrolls of remove curse
 n - 2 scrolls of amnesia
 w - a scroll of enchant armour
 x - 4 scrolls of identify
 z - a scroll of fog
Potions
 e - a potion of invisibility
 g - 5 potions of heal wounds
 h - a potion of haste
 i - 4 potions of magic
 j - 2 potions of agility
 l - 5 potions of curing
 v - a potion of brilliance
Comestibles
 d - 8 chunks of flesh
 f - 2 rations


   Skills:
 + Level 7.4(12.4) Fighting
 + Level 11.3(16.3) Axes
 + Level 7.1(12.1) Armour
 + Level 5.6(10.6) Dodging
 + Level 1.3(6.3) Stealth
 + Level 9.5(14.5) Shields


You had 7 spell levels left.
You didn't know any spells.
Your spell library was empty.

Dungeon Overview and Level Annotations

Branches:
Dungeon (1/1)

Altars:
Cheibriados
Dithmenos
Elyvilon
Fedhas
Gozag
Hepliaklqana
Kikubaaqudgha
Makhleb
Nemelex Xobeh
Okawaru
Qazlal
Ru
Sif Muna
Trog
Uskayaw
Vehumet
Wu Jian
Xom
Yredelemnul
Zin
The Shining One
Beogh
Jiyva
Lugonu


Innate Abilities, Weirdness & Mutations

You have sharp fingernails.
You are mostly covered in large bone plates. (SH +6)
You regenerate a little health from kills.


Message History

You block the eight-headed hydra's attack.
The eight-headed hydra bites you but does no damage.
You hack one of the eight-headed hydra's heads off!
The seven-headed hydra grows two more!
You slice the nine-headed hydra!!
The nine-headed hydra is moderately wounded.
You block the nine-headed hydra's attack. x2
The nine-headed hydra bites you.
* * * LOW HITPOINT WARNING * * *
The nine-headed hydra bites you.
* * * LOW HITPOINT WARNING * * *
You block the nine-headed hydra's attack.
The nine-headed hydra bites you but does no damage.
The nine-headed hydra bites you!
* * * LOW HITPOINT WARNING * * *
You block the nine-headed hydra's attack. x2
You barely miss the nine-headed hydra.
The nine-headed hydra is moderately wounded.
You block the nine-headed hydra's attack.
The nine-headed hydra bites you.
You die...

▓.▓.▓.▓
▓.▓.▓.▓
▓.▓.▓.▓
▓.▓.▓.▓
▓'▓.▓.▓
▓_▓.▓.▓
▓_▓.▓.▓
▓_▓.▓.▓
▓_▓.▓@▓
▓_▓.▓D▓
▓_▓.▓F▓
▓_▓.▓S▓
▓_▓.▓S▓
▓_▓.▓Y▓
▓_▓.▓l▓
▓_▓.▓k▓
▓_▓.▓


You could see a nine-headed hydra, a black mamba, a yak, a basilisk, a rime
drake, a water moccasin and a bullfrog.

Vanquished Creatures
  A two-headed ogre (D)
  A skeletal warrior (D)
  2 yaks (D)
  A bullfrog (D)
  A crimson imp (D)
  2 hounds (D)
  A worker ant (D)
  An adder (D)
  2 shadow imps (D)
  A dart slug (D)
  A leopard gecko (D)
  An orc (D)
  A bat skeleton (D)
  2 bat zombies (D)
  A goblin (D)
  A hobgoblin (D)
  A quokka (D)
  A rat (D)
22 creatures vanquished.

Notes
Turn   | Place    | Note
-------+----------+-------------------------------------------
     0 | D        | galech the Demonspawn Fighter began the quest for the Orb.
     0 | D        | Reached XP level 1. HP: 18/18 MP: 1/1
     9 | D        | Reached skill level 2 in Axes
    19 | D        | Gained mutation: You are partially covered in large bone
                  | plates. (SH +4) [demonic ancestry]
    19 | D        | Reached XP level 2. HP: 16/25 MP: 2/2
   136 | D        | Noticed a crimson imp
   150 | D        | Reached skill level 3 in Axes
   150 | D        | Gained mutation: You regenerate a little health from kills.
                  | [demonic ancestry]
   150 | D        | Reached XP level 3. HP: 19/31 MP: 3/3
   185 | D        | Found a roughly hewn altar of Beogh.
   185 | D        | Found a snail-covered altar of Cheibriados.
   185 | D        | Found a shadowy altar of Dithmenos.
   185 | D        | Found a white marble altar of Elyvilon.
   185 | D        | Found a blossoming altar of Fedhas.
   185 | D        | Found an opulent altar of Gozag.
   186 | D        | Found a hazy altar of Hepliaklqana.
   187 | D        | Found a viscous altar of Jiyva.
   188 | D        | Found an ancient bone altar of Kikubaaqudgha.
   189 | D        | Found a corrupted altar of Lugonu.
   194 | D        | Found a burning altar of Makhleb.
   198 | D        | Reached skill level 5 in Fighting
   198 | D        | Reached skill level 4 in Axes
   198 | D        | Reached skill level 1 in Dodging
   198 | D        | Gained mutation: You are mostly covered in large bone
                  | plates. (SH +6) [demonic ancestry]
   198 | D        | Reached XP level 4. HP: 20/39 MP: 4/4
   347 | D        | Found a sparkling altar of Nemelex Xobeh.
   348 | D        | Found an iron altar of Okawaru.
   349 | D        | Found a stormy altar of Qazlal.
   350 | D        | Found a sacrificial altar of Ru.
   351 | D        | Found a deep blue altar of Sif Muna.
   352 | D        | Found a bloodstained altar of Trog.
   353 | D        | Found a hide-covered altar of Uskayaw.
   354 | D        | Found a radiant altar of Vehumet.
   355 | D        | Found an ornate altar of the Wu Jian Council.
   356 | D        | Became a worshipper of Warmaster Okawaru
   357 | D        | Found a shimmering altar of Xom.
   358 | D        | Found a basalt altar of Yredelemnul.
   359 | D        | Found a glowing silver altar of Zin.
   360 | D        | Found a glowing golden altar of the Shining One.
   411 | D        | Noticed a two-headed ogre
   411 | D        | Noticed a bullfrog
   416 | D        | Killed a two-headed ogre
   416 | D        | Reached * piety under Okawaru
   416 | D        | Reached skill level 9 in Axes
   416 | D        | Reached skill level 1 in Stealth
   416 | D        | Reached XP level 5. HP: 29/47 MP: 5/5
   416 | D        | Reached XP level 6. HP: 33/53 MP: 6/6
   416 | D        | Gained mutation: You have sharp fingernails. [demonic
                  | ancestry]
   416 | D        | Reached XP level 7. HP: 37/59 MP: 7/7
   447 | D        | Noticed a yak
   447 | D        | Noticed a yak
   447 | D        | Noticed a skeletal warrior
   451 | D        | Killed a yak
   451 | D        | Reached skill level 10 in Axes
   451 | D        | Reached XP level 8. HP: 65/65 MP: 8/8
   467 | D        | Killed a skeletal warrior
   467 | D        | Reached ** piety under Okawaru
   467 | D        | Reached skill level 11 in Axes
   467 | D        | Reached skill level 5 in Dodging
   603 | D        | Noticed a seven-headed hydra
   603 | D        | Noticed a black mamba
   606 | D        | Noticed a rime drake
   612 | D        | Slain by a nine-headed hydra

Vault maps used:
D:        linesprint

Skill      XL: |  1  2  3  4  5  6  7  8 |
---------------+-------------------------+-----
Armour         | 3 4 6 7 |  7.1
Shields        | 3 4 8 9 |  9.5
Axes           | 2 3 4 9 10 11 | 11.3
Fighting       | 4 5 6 7 |  7.4
Dodging        | 1 4 5 |  5.6
Stealth        | 1 |  1.3

Action                   |  1- 3 |  4- 6 |  7- 9 || total
-------------------------+-------+-------+-------++-------
Melee: War axe           |    65 |     4 |    40 ||   109
Invok: Heroism           |       |       |     1 ||     1
  Use: Potion            |     1 |     1 |     1 ||     3
       Scroll            |       |       |     4 ||     4
Armor: Scale mail        |    30 |       |       ||    30
       Ring mail         |       |       |    18 ||    18
Dodge: Dodged            |    18 |     1 |    13 ||    32
Block: Shield            |    40 |     3 |    48 ||    91

Table legend:
 A = Non-vault XP
 B = Vault XP
 C = Vault XP percentage of total XP
 D = Non-vault monster count
 E = Vault monster count
 F = Vault count percentage of total count
                 A         B        C        D         E       F
            +---------+---------+-------+---------+---------+-------
      Total |       0 |    2384 | 100.0 |       0 |      22 | 100.0
            +---------+---------+-------+---------+---------+-------
          D |       0 |    2384 | 100.0 |       0 |      22 | 100.0
            +---------+---------+-------+---------+---------+-------
